[Event "Denmark Team Championship 2022"]
[Site "Denmark"]
[Date "2022.02.26"]
[Round "4.6"]
[White "Guindy, Esmat Susanne"]
[Black "Brondt, Nicolai Kvist"]
[Result "1/2-1/2"]
[ECO "A47"]
[WhiteElo "2069"]
[BlackElo "2259"]
[Annotator "TA"]
[PlyCount "92"]
[EventDate "2022.10.29"]
[EventType "team-tourn"]
[EventCountry "DEN"]
[SourceTitle "playchess.com"]
[Source "ChessBase"]
[SourceQuality "1"]
[TimeControl "40/5400+30:1800+30"]

1. d4 Nf6 2. Nf3 b6 3. c4 Bb7 4. Nc3 e6 5. Qc2 d5 6. e3 {[%emt 0:02:35] E12: Queen's Indian: Unusual White 4th moves, 4 a3, 4 Nc3 Bb7 5 a3 and 4 Nc3 Bb7 .} Nbd7 7. cxd5 exd5 8. Bd3 {[%emt 0:02:51] The position is equal.} a6 9. O-O Bd6 10. e4 dxe4 11. Nxe4 O-O 12. Nxd6 cxd6 13. Bf4 Bxf3 14. gxf3 Nd5 (14... Rc8 15. Qd2 $16) (14... Re8 $11) 15. Bxd6 $14 (15. Bxh7+ Kh8 16. Bg3 (16. Bxd6 $2 Qg5+ 17. Bg3 f5 $19) 16... g6 17. Bxg6 fxg6 $11) 15... Qg5+ {[%emt 0:03:36] [#]} 16. Kh1 $146 (16. Bg3 $1 $14) ({Predecessor:} 16. Bg3 f5 17. Qc6 f4 18. Qxd7 fxg3 19. hxg3 Nf4 20. Bc4+ Kh8 21. Qg4 Qh6 22. Rae1 {1-0 (37) Chatalbashev,B (2494)-Naumkin,I (2440) Porto San Giorgio 2000}) 16... Qf6 $1 $11 17. Bg3 {[%emt 0:07:23] A strong pair of Bishops.} (17. Bxf8 {gets mated.} Qxf3+ 18. Kg1 Nf4 19. Bxh7+ Kxf8) (17. Bxh7+ $2 {loses.} Kh8 18. Be4 (18. Bxf8 {is a self mate.} Qxf3+ 19. Kg1 Nf4 20. Bxg7+ Kxg7) 18... Qxd6 $19) 17... Qxf3+ (17... Qxd4 $2 18. Bxh7+ Kh8 19. Be4 $18) 18. Kg1 N7f6 19. Be2 Qe4 20. Qxe4 Nxe4 21. Be5 Rfd8 22. Rfd1 f6 23. Bg3 Kf8 24. Rac1 Nxg3 25. hxg3 Rd6 26. Bc4 Ne7 27. Rc3 b5 28. Bb3 Rad8 29. Rc7 R6d7 30. Rxd7 Rxd7 $14 {[%emt 0:00:03][%mdl 4096] Endgame KRB-KRN} 31. Be6 $1 Rd8 32. d5 Nc8 33. Rc1 {[%emt 0:00:16] White is more active.} Nb6 34. Rc7 Nxd5 {[%emt 0:00:07] White is slightly better.} 35. Rf7+ {[%emt 0:00:23][%mdl 64] [#] Deflection} Ke8 36. Rxg7 {Hoping for Rg8+.} Rd6 37. Bxd5 Rxd5 38. Rxh7 {[%emt 0:00:18] KR-KR} Rd2 39. Ra7 Rxb2 40. Rxa6 Kf7 41. Kg2 b4 42. g4 b3 43. axb3 Rxb3 44. f3 Kg6 45. Kg3 Rc3 46. Ra5 Rb3 {[%emt 0:00:00] Weighted Error Value: White=0.04 (flawless) /Black=0.08 (flawless)} 1/2-1/2

[Event "Denmark Team Championship 2022"]
[Site "Denmark"]
[Date "2022.02.26"]
[Round "4.7"]
[White "Berg, Klaus"]
[Black "Easwaralingam, Adesh"]
[Result "1-0"]
[ECO "A01"]
[WhiteElo "2278"]
[BlackElo "2155"]
[Annotator "TA"]
[PlyCount "97"]
[EventDate "2022.10.29"]
[EventType "team-tourn"]
[EventCountry "DEN"]
[SourceTitle "playchess.com"]
[Source "ChessBase"]
[SourceQuality "1"]
[TimeControl "40/5400+30:1800+30"]

1. b3 {[%emt 0:01:26] Mueller,Karsten} Nf6 2. Bb2 d5 3. Nf3 c5 4. e3 Nc6 5. Bb5 Bg4 6. h3 Bxf3 {[%emt 0:06:08] A06: Réti Opening: 1 Nf3 d5.} 7. Bxc6+ bxc6 8. Qxf3 e6 {[%emt 0:02:41] The position is equal.} 9. c4 Bd6 10. Nc3 O-O 11. O-O Rb8 12. d3 {[%emt 0:05:17] [#]} Nd7 $146 ({Predecessor:} 12... Qe7 13. Rac1 Rfd8 14. Rfd1 Rbc8 15. Ne2 Nd7 16. Qh5 Nf6 17. Qh4 Nd7 18. Qxe7 Bxe7 {½-½ (66) Altounian,L (2456)-Epstein,E (2188) San Diego 2004 CBM 105 [Mueller,Karsten]}) 13. Rfd1 Qg5 14. Rac1 Rfd8 15. Ba3 h6 16. Na4 Qe7 17. cxd5 cxd5 18. Rc2 Rbc8 19. Rdc1 Qf8 (19... Ne5 $5 20. Qe2 Nxd3 21. Qxd3 c4 22. Bxd6 cxd3 23. Bxe7 Rxc2 $11) 20. Qe2 Rc7 ({Black should try} 20... e5 $14) 21. d4 $16 c4 22. Bxd6 Qxd6 23. bxc4 Qa6 24. Nb2 Qxa2 25. Nd3 Qa6 26. cxd5 Rxc2 27. Qxc2 {[%emt 0:00:04] Strongly threatening Qc7.} exd5 28. Nb4 Qd6 29. Qc7 Nb6 30. Qxd6 {[%emt 0:06:08] White has more active pieces.} Rxd6 {[%emt 0:00:25][%mdl 4096] Endgame KRN-KRN} 31. Rc7 ({Better is} 31. Rc5 $16) 31... a5 $14 32. Nd3 Nc4 33. Rc8+ Kh7 34. Ra8 g5 35. Ne5 Nxe5 $1 36. dxe5 {[%emt 0:00:01] KR-KR} Re6 (36... Rd7 $1 $14) 37. f4 $1 $16 (37. Rxa5 Rxe5 38. Ra8 h5 $14) 37... f6 $2 (37... Rb6 $16) 38. exf6 $18 (38. Rxa5 gxf4 39. exf4 fxe5 $14) 38... Rxf6 39. fxg5 (39. Rxa5 gxf4 40. exf4 (40. Rxd5 fxe3 41. Re5 Kg6 $14) 40... Rxf4 $14) 39... hxg5 40. Rxa5 Rd6 {[%emt 0:00:19] [#]} 41. e4 $1 g4 (41... Rf6 {was called for.} 42. Rxd5 (42. exd5 Rf5 $18) 42... Rf4) 42. Rxd5 (42. exd5 gxh3 43. g3 (43. gxh3 Kg6 $16) 43... Kg6 $18) 42... Re6 {[%emt 0:00:09] [#]} 43. Rd4 $2 ({Less strong is} 43. hxg4 Rxe4 44. g5 Kg6 $14) (43. h4 $1 $18 {is the precise move to win.}) 43... gxh3 $16 44. gxh3 Kg6 45. Kf2 {[%emt 0:00:23] Black must now prevent Kf3.} ({Much worse is} 45. h4 $6 Kh5 $11) 45... Kh5 $2 {[%emt 0:00:55] Black cannot hold the game after this.} (45... Kf7 $16 {was worth a try.} 46. Ra4 Rh6) 46. Kg3 $18 {[%emt 0:00:48] And now Kf4 would win.} Rg6+ $2 (46... Kg6 47. h4 Kf7) 47. Kf4 {[%emt 0:00:15] White threatens e5 and mate.} Kh4 48. e5 Kxh3 49. Ke4 {[%emt 0:00:10] Weighted Error Value: White=0.10 (very precise) /Black=0.41} 1-0

[Event "Denmark Team Championship 2022"]
[Site "Denmark"]
[Date "2022.03.13"]
[Round "4.7"]
[White "Grubert, Christian"]
[Black "Greger, Roland Reinhard"]
[Result "1/2-1/2"]
[ECO "B50"]
[WhiteElo "2076"]
[BlackElo "2267"]
[Annotator "TA"]
[PlyCount "40"]
[EventDate "2022.10.29"]
[EventType "team-tourn"]
[EventCountry "DEN"]
[SourceTitle "playchess.com"]
[Source "ChessBase"]
[SourceQuality "1"]
[TimeControl "40/5400+30:1800+30"]

1. Nf3 c5 2. e4 d6 3. g3 Nc6 4. Bg2 g6 5. O-O Bg7 6. c3 Nf6 7. Qe2 O-O 8. Rd1 {[%emt 0:03:23] A04: Unusual lines after 1 Nf3 and King's Indian Attack.} e5 9. d4 exd4 ({Much less strong is} 9... Bg4 10. dxc5 Ne8 11. h3 $16) 10. cxd4 {[%emt 0:00:46] The position is equal.} Qe7 {[%emt 0:02:27] [#]} 11. d5 $146 ({Predecessor:} 11. Nc3 Bg4 12. dxc5 dxc5 13. Be3 Rfd8 14. Qb5 Bf8 15. h3 a6 16. Qb6 Be6 17. Ng5 {½-½ (34) Trybus,D (1894)-Sieciechowicz,M (2438) Gora Sw Anny 2019}) 11... Ne5 12. Nxe5 dxe5 13. Nc3 (13. Bg5 $16) 13... Ne8 $11 14. Be3 {[%emt 0:05:38][%cal Od5d6] Threatens to win with d6!} b6 15. a4 $36 {[%emt 0:01:57][%cal Ba2a4,Ba4a5][%mdl 2080] White has good play.} Nd6 16. a5 {[%emt 0:03:34] [#] Strongly threatening axb6.} Bd7 17. Rdb1 f5 18. f3 f4 19. Bf2 fxg3 20. hxg3 Qg5 {[%emt 0:03:19] Weighted Error Value: White=0.13 (very precise) /Black=0.14 (very precise)} 1/2-1/2

[Event "Denmark Team Championship 2022"]
[Site "Denmark"]
[Date "2022.03.13"]
[Round "4.8"]
[White "Laursen, Niels Norskov"]
[Black "Luther, Lasse"]
[Result "1/2-1/2"]
[ECO "C88"]
[WhiteElo "2166"]
[BlackElo "2047"]
[Annotator "RC"]
[PlyCount "36"]
[EventDate "2022.10.29"]
[EventType "team-tourn"]
[EventCountry "DEN"]
[SourceTitle "playchess.com"]
[Source "ChessBase"]
[SourceQuality "1"]
[TimeControl "40/5400+30:1800+30"]

1. e4 e5 2. Nf3 Nc6 3. Bb5 a6 4. Ba4 Nf6 5. O-O Be7 6. Re1 b5 7. Bb3 d6 8. a4 Bd7 9. c3 O-O 10. d4 h6 11. Nbd2 Re8 12. Nf1 Bf8 13. Ng3 Na5 14. Bc2 c5 15. h3 cxd4 16. cxd4 Qc7 17. b3 Rac8 18. Ra2 Nc6 1/2-1/2

[Event "Denmark Team Championship 2022"]
[Site "Denmark"]
[Date "2022.02.26"]
[Round "4.8"]
[White "Jakobsen, Niels Nybo"]
[Black "Pedersen, Jan Rode"]
[Result "1-0"]
[ECO "A05"]
[WhiteElo "2045"]
[BlackElo "2102"]
[Annotator "NA RC"]
[PlyCount "85"]
[EventDate "2022.10.29"]
[EventType "team-tourn"]
[EventCountry "DEN"]
[SourceTitle "playchess.com"]
[Source "ChessBase"]
[SourceQuality "1"]
[TimeControl "40/5400+30:1800+30"]

1. Nf3 Nf6 2. g3 b6 3. Bg2 Bb7 4. c4 e6 5. O-O Be7 6. b3 O-O 7. Bb2 d6 8. Nc3 Nbd7 9. Rc1 Rb8 10. Qc2 c5 11. Rfd1 a6 12. d4 Qc7 13. e4 cxd4 14. Nxd4 Rbc8 15. Qe2 Rfe8 16. f4 Qb8 17. f5 Bf8 18. fxe6 fxe6 19. Bh3 Nc5 20. b4 e5 21. bxc5 exd4 22. Nd5 Rxe4 23. Nxf6+ gxf6 24. Qh5 Rxc5 25. Bf5 Qc7 26. Bxd4 Re7 27. Qg4+ Bg7 28. Be6+ Kf8 29. Bxf6 h5 30. Bxe7+ Qxe7 31. Rf1+ Ke8 32. Qg6+ Kd8 33. Rf7 Bd4+ 34. Kf1 Rg5 35. Qh6 Qxf7+ 36. Bxf7 Rf5+ 37. Ke1 Rxf7 38. Qxd6+ Rd7 39. Qxd7+ Kxd7 40. Rd1 Kd6 41. Rxd4+ Kc5 42. Rh4 Bf3 43. Kd2 1-0